[Event "*** Titled Tuesday Blitz"]
[Site "Chess.com"]
[Date "2020.11.10"]
[Round "4"]
[White "AvitalBor"]
[Black "exoticprincess"]
[Result "0-1"]
[WhiteElo "2689"]
[BlackElo "2879"]
[TimeControl "180+1"]
[EndTime "10:43:19 PST"]
[Termination "exoticprincess won by resignation"]

1. e4 c6 2. c4 d5 3. cxd5 cxd5 4. exd5 Nf6 5. Nf3 Nxd5 6. Nc3 e6 7. d4 Bb4 8. Bd2 Nc6 9. Bd3 Nce7 10. O-O Bd7 11. Ne5 O-O 12. Re1 Rc8 13. Rc1 Bc6 14. Qh5 Nf6 15. Qh4 Ng6 16. Nxg6 hxg6 17. Bg5 Bxc3 18. bxc3 Qd5 19. f3 Nh7 20. Be7 Rfe8 21. c4 Qd7 22. Ba3 b5 23. Bc5 bxc4 24. Bxc4 Nf6 25.
Qf2 Bb5 26. Qe2 Bxc4 27. Qxc4 Nd5 28. Rb1 Rc7 29. Qa6 Rec8 30. Rb3 g5 31. Reb1 g6 32. Rb8 Kg7 33. Rxc8 Rxc8 34. Qxa7 Qxa7 35. Bxa7 Rc2 36. Ra1 Ne3 37. a4 Rxg2+ 38. Kh1 Rd2 39. a5 Nc2 40. Rc1 Nb4 41. Rb1 Nc6 42. Bb6 Ra2 43.
Rb5 Kf6 44. Bc7 Ke7 45. Rxg5 Nxd4 46. Bb6 Nxf3 47. Rg2 Ra1+ 48. Bg1 Rxa5 49. Rf2 Nxg1 50. Kxg1 f5 51. Kg2 Kf6 52. Rb2 e5 53. Kf3 Ra3+ 54.
Kf2 e4 55. Kg2 Kg5 56. Rc2 Kf4 57. Kf2 g5 58. Kg2 Rd3 59. Kf2 Kg4 60. Kg2 f4 61.
Rc8 Rd2+ 0-1

[Event "*** Titled Tuesday Blitz"]
[Site "Chess.com"]
[Date "2020.11.10"]
[Round "4"]
[White "esapunov"]
[Black "Malev212"]
[Result "1-0"]
[WhiteElo "2705"]
[BlackElo "2502"]
[TimeControl "180+1"]
[EndTime "10:43:19 PST"]
[Termination "esapunov won on time"]

1. c4 g6 2. g3 Bg7 3. Bg2 Nf6 4. Nc3 O-O 5. d4 d6 6. Nf3 c6 7.
O-O Qa5 8. Qd3 Qh5 9. e4 e5 10. d5 cxd5 11. cxd5 a6 12. a4 Bh3 13. Bxh3 Qxh3 14.
Ng5 Qc8 15. Kg2 Nbd7 16. b4 Qd8 17. a5 Nh5 18. Ra2 h6 19. Nf3 f5 20. Nh4 Qf6 21.
Qd1 Rac8 22. Ra3 Nf4+ 23. Kh1 Rc4 24. exf5 gxf5 25. Bxf4 exf4 26. Ne2 Rxb4 27. Rf3 Nc5 28. Rxf4 Rxf4 29. Nxf4 Re8 30. Qb1 Re4 31. Nfg2 f4 32.
Qd1 fxg3 33. fxg3 Qd4 34. Qf3 Qxd5 35. Nf4 Qc6 36. Nf5 Re5 37. Qxc6 bxc6 38. Nxd6 Ne6 39.
Nxe6 Rxe6 40. Nf5 Re5 41. g4 Bf8 42. Rd1 Rxa5 43. Rd7 Rd5 44. Rc7 c5 45. Kg2 a5 46.
Kf3 Rd3+ 47. Ke4 Rd8 48. Ke5 Ra8 49. Rb7 a4 50. Rb2 a3 51. Ra2 c4 52. Kd4 Rc8 53. Kc3 Kf7 54. h4 Kf6 55. h5 Kg5 56. Ne3 Bg7+ 57. Kc2 Bb2 58. Kd1 c3 59. Kc2 Re8 60. Nc4 Re4 61. Kb3 1-0

[Event "*** Titled Tuesday Blitz"]
[Site "Chess.com"]
[Date "2020.11.10"]
[Round "4"]
[White "GMTalks_Youtube"]
[Black "Chesstrainer1"]
[Result "1/2-1/2"]
[WhiteElo "2627"]
[BlackElo "2425"]
[TimeControl "180+1"]
[EndTime "10:43:19 PST"]
[Termination "Game drawn by repetition"]

1. e4 c6 2. d4 d5 3. exd5 cxd5 4.
Bf4 Nc6 5. c3 Nf6 6. Nd2 Bg4 7. Qb3 Qd7 8. Ngf3 Bxf3 9. Nxf3 a6 10. Ne5 Nxe5 11. dxe5 Ne4 12. Rd1 e6 13. f3 Nc5 14.
Qc2 Be7 15. Be2 O-O 16. O-O Rac8 17. Kh1 b5 18. Qd2 Na4 19. Bg3 a5 20. Bf2 b4 21.
c4 Rfd8 22. cxd5 Qxd5 23. Qxd5 Rxd5 24. Rxd5 exd5 25. Bd4 Rc2 26. Bd1 Rd2 27. Be3 Rd3 28.
Bxa4 Rxe3 29. f4 g5 30. g3 d4 31. Kg2 gxf4 32. gxf4 d3 33. Rf3 Re2+ 34. Kh3 Rxb2 35.
Bb3 a4 36. Rg3+ Kf8 37. Bxa4 Rxa2 38. Bb3 Rd2 39. f5 Re2 40. f6 Bc5 41. Rxd3 Rxe5 42.
Kg4 h5+ 43. Kf4 Re8 44. Rd5 Be3+ 45. Kf5 Rc8 46. Rd7 Rc5+ 47. Ke4 Bg5 48. Rxf7+ Ke8 49. Re7+ Kf8 50. Rf7+ Ke8 51. Re7+ Kf8 52. Rf7+ 1/2-1/2

[Event "*** Titled Tuesday Blitz"]
[Site "Chess.com"]
[Date "2020.11.10"]
[Round "4"]
[White "AleksanderHnydiuk"]
[Black "Fortitudine"]
[Result "1/2-1/2"]
[WhiteElo "2492"]
[BlackElo "2285"]
[TimeControl "180+1"]
[EndTime "10:43:19 PST"]
[Termination "Game drawn - insufficient material"]

1. Nf3 Nf6 2. c4 c5 3. g3 g6 4. Bg2 Bg7 5. d4 cxd4 6. Nxd4 O-O 7. Nc3 Nc6 8. O-O d6 9. Nxc6 bxc6 10. Bxc6 Rb8 11. Bg2 Qa5 12. Qd3 Bb7 13. Bxb7 Rxb7 14. Rb1 Rc8 15. Bd2 Ng4 16. Qf3 Qh5 17. h4 Rbc7 18. Nd5 Rd7 19. b3 e6 20. Nf4 Qf5 21.
e4 Ne5 22. Qe2 Qg4 23. Qxg4 Nxg4 24. Kg2 h5 25. Rfd1 Be5 26. f3 Nf6 27. Be3 Bxf4 28. Bxf4 d5 29. Bg5 Nh7 30. exd5 Nxg5 31. hxg5 exd5 32. Rd2 d4 33. Rbd1 Rcd8 34. c5 f6 35. gxf6 Kf7 36. c6 Rd6 37. c7 Rc8 38. Rxd4 Rxd4 39.
Rxd4 Rxc7 40. Ra4 Kxf6 41. Ra6+ Kf5 42. Kf2 g5 43. Ra5+ Kf6 44. f4 gxf4 45. gxf4 h4 46. Kg2 Rc3 47. Rxa7 Kf5 48. Rh7 Kg4 49. Rg7+ Kxf4 50.
Kh2 Rc2+ 51. Kh3 Rxa2 52. Rf7+ Ke3 53. Kxh4 Rb2 54. Rb7 Kd4 55. Kg4 Kc3 56. Kf4 Rxb3 57. Rxb3+ Kxb3 1/2-1/2

[Event "*** Titled Tuesday Blitz"]
[Site "Chess.com"]
[Date "2020.11.10"]
[Round "4"]
[White "ZverevLev"]
[Black "lacafi"]
[Result "0-1"]
[WhiteElo "2258"]
[BlackElo "2127"]
[TimeControl "180+1"]
[EndTime "10:43:19 PST"]
[Termination "lacafi won on time"]

1. h3 d5 2. d3 g6 3. g4 Bg7 4. Bg2 c5 5. Nd2 Nc6 6. Ngf3 e5 7. e4 d4 8. a3 Nge7 9. Nb3 b6 10. Bd2 O-O 11. Qe2 a5 12. a4 Nb4 13. Bxb4 axb4 14.
Nbd2 Bd7 15. b3 b5 16. O-O bxa4 17. bxa4 Rxa4 18. Nc4 f6 19. Rxa4 Bxa4 20. Ra1 Bb5 21.
Nfd2 Nc6 22. g5 fxg5 23. Qg4 Qe7 24. Nb6 Qf7 25. Nf3 h6 26. Nd7 h5 27. Qxg5 Qxd7 28. Qxg6 Qf7 29. Qg5 c4 30. Nh4 Qxf2+ 31. Kh1 Qf6 32.
Qxh5 cxd3 33. Nf5 dxc2 34. Bf3 d3 35. Rg1 Rf7 36. Bd1 c1=Q 37. Bb3 Qxg1+ 38. Kxg1 Nd8 39. Bxf7+ Nxf7 40. h4 d2 41. Qd1 Qg6+ 42. Kh2 Qf6 43. Qxd2 Nh6 44. Nxh6+ Qxh6 45. Qd5+ Kh7 46. Qxb5 Qxh4+ 47. Kg2 Qxe4+ 48. Kh3 Qf5+ 49. Kh2 Qf4+ 50. Kg2 Kg6 51. Kg1 Bf6 52. Kh1 Kf5 53. Qe8 Qe4+ 54. Kg1 Qg4+ 55. Kh1 e4 0-1

[Event "*** Titled Tuesday Blitz"]
[Site "Chess.com"]
[Date "2020.11.10"]
[Round "4"]
[White "Trickov"]
[Black "enriquetejedor"]
[Result "0-1"]
[WhiteElo "2329"]
[BlackElo "2490"]
[TimeControl "180+1"]
[EndTime "10:43:21 PST"]
[Termination "enriquetejedor won on time"]

1. d4 Nf6 2. Nf3 d5 3. c4 dxc4 4. Qa4+ c6 5. Qxc4 Bf5 6. Nc3 e6 7. Nh4 Bg6 8. Nxg6 hxg6 9. e4 Nbd7 10. Be2 Be7 11. Be3 Qc7 12. Rc1 Rxh2 13. Rxh2 Qxh2 14.
Qb3 Nb6 15. d5 exd5 16. exd5 Nfxd5 17. Nxd5 cxd5 18. Bxb6 axb6 19. a3 Bc5 20. Qxd5 Kf8 21. b4 Qg1+ 22. Kd2 Qxf2 23. bxc5 Re8 24. Qc4 Rd8+ 25. Kc2 bxc5 26. Kb2 Qd4+ 27. Qxd4 cxd4 28. Rc7 d3 29. Bd1 b5 30. Kc3 d2 31. Rc5 Ra8 32. Kxd2 Rxa3 33. Rxb5 Ra2+ 34. Ke3 Rxg2 35. Rb8+ Ke7 36.
Rb7+ Kf8 37. Rb8+ Ke7 38. Rb7+ Ke8 39. Rb8+ Kd7 40. Rb7+ Ke8 41. Rb8+ Kd7 42. Rb7+ Ke6 43. Bb3+ Kf6 44. Rxf7+ Kg5 45. Bd5 Rg3+ 46. Rf3 Rg4 47. Be4 Rh4 48. Rg3+ Kf6 49. Rxg6+ Kf7 0-1

[Event "*** Titled Tuesday Blitz"]
[Site "Chess.com"]
[Date "2020.11.10"]
[Round "4"]
[White "hungrycaterpillar4"]
[Black "Onischuk_V"]
[Result "1/2-1/2"]
[WhiteElo "2630"]
[BlackElo "2868"]
[TimeControl "180+1"]
[EndTime "10:43:23 PST"]
[Termination "Game drawn - insufficient material"]

1. e4 d6 2. d4 Nf6 3. Nc3 g6 4. Nf3 Bg7 5. Be2 O-O 6. O-O c6 7. a4 Nbd7 8. h3 e5 9. dxe5 dxe5 10. a5 Qe7 11. Be3 Nc5 12. Nd2 Rd8 13. Qc1 Ne6 14. Nc4 Nd4 15. Bd3 Nh5 16. Bg5 Bf6 17. h4 h6 18. Bxf6 Qxf6 19. Qxh6 Qxh4 20. Nxe5 Be6 21. Rae1 Re8 22. Nxg6 fxg6 23. Qxg6+ Ng7 24. e5 Bf5 25. Bxf5 Nxf5 26. Ne4 Re6 27. Nf6+ Kf8 28. Rd1 Ne7 29. Nd7+ Kg8 30. Nf6+ Kh8 31. Qf7 Rxe5 32. Rd7 Rf5 33. Qxe7 Qxf6 34. Qxf6 Rxf6 35. Rxb7 Ne6 36. Re1 a6 37.
Re5 Rd8 38. f3 Rd1+ 39. Kh2 Rd2 40. Rh5+ Kg8 41. Rb8+ Kg7 42. Rh3 Rg6 43. Rg3 Nf4 44. Rxg6+ Kxg6 45. Kg3 Nxg2 46. Rb6 Ne3 47. Rxc6+ Kg5 48.
f4+ Kf5 49. Kf3 Nxc2 50. Rc5+ Ke6 51. Rc6+ Kf5 52. Rxa6 Rd3+ 53. Ke2 Rb3 54. Rb6 Nd4+ 55. Kd2 Kxf4 56. Rxb3 Nxb3+ 57. Kc3 Nxa5 58. Kb4 Nb7 59.
Kb5 Ke5 60. b4 Nd6+ 61. Kb6 Kd5 62. Kc7 Kc4 63. Kxd6 Kxb4 1/2-1/2

[Event "*** Titled Tuesday Blitz"]
[Site "Chess.com"]
[Date "2020.11.10"]
[Round "4"]
[White "FMalexhdez"]
[Black "MVM2008"]
[Result "1-0"]
[WhiteElo "2287"]
[BlackElo "2176"]
[TimeControl "180+1"]
[EndTime "10:43:24 PST"]
[Termination "FMalexhdez won on time"]

1. e4 Nf6 2. e5 Nd5 3. d4 d6 4.
Nf3 Bg4 5. Be2 dxe5 6. Nxe5 Bxe2 7. Qxe2 e6 8. O-O Be7 9. c4 Nf6 10. Be3 O-O 11. Nc3 c6 12. a3 Nbd7 13. b4 a5 14. b5 c5 15. Nxd7 Nxd7 16. d5 Bf6 17. Rac1 exd5 18.
Nxd5 Re8 19. Rfd1 Bd4 20. Qf3 Ne5 21. Qg3 Bxe3 22. Nxe3 Qf6 23. Rd5 Rad8 24. Rcd1 Rxd5 25. Nxd5 Qd8 26. Ne3 Qf6 27. Nd5 Qd8 28. Qf4 Nd3 29. Qd2 Ne5 30. Qc2 Qh4 31. h3 Qxc4 32. Qf5 Ng6 33. Nc7 Rf8 34. Rd5 b6 35. Rd7 Qc1+ 36.
Kh2 Qf4+ 37. Qxf4 Nxf4 38. g3 Ne6 39. Nd5 Rb8 40. Rd6 c4 41. Rc6 Nc5 42. Nxb6 h6 43.
Rxc5 Rxb6 44. a4 Rf6 45. Rxc4 Rxf2+ 46. Kg1 Rb2 47. Rc8+ Kh7 48. Ra8 Rb1+ 49. Kg2 Rb2+ 50. Kf3 Rb3+ 51. Kf2 Rb2+ 52. Ke3 Rb3+ 53. Kf2 Rb2+ 54.
Kf1 Rb1+ 55. Ke2 Rb2+ 56. Kd1 Rb1+ 57. Kc2 Rg1 58. Rxa5 Rxg3 59. b6 Rg2+ 60. Kb3 Rg3+ 61. Kb4 Rg1 62. Rb5 Rb1+ 63. Ka5 1-0

[Event "*** Titled Tuesday Blitz"]
[Site "Chess.com"]
[Date "2020.11.10"]
[Round "4"]
[White "queen_iryna"]
[Black "sboshaon21"]
[Result "1-0"]
[WhiteElo "2272"]
[BlackElo "2060"]
[TimeControl "180+1"]
[EndTime "10:43:25 PST"]
[Termination "queen_iryna won by resignation"]

1. e4 e5 2. Nf3 Nc6 3. d3 Nf6 4. Be2 Bc5 5. O-O O-O 6. Nbd2 h6 7. c3 d6 8. b4 Bb6 9. Bb2 Re8 10. h3 Ne7 11. Re1 Ng6 12. Bf1 Nf4 13. Nc4 Be6 14.
Nxb6 axb6 15. d4 Bd7 16. Qd2 b5 17. a3 Bc6 18. d5 Bd7 19. c4 bxc4 20. Bxc4 N6h5 21.
Bf1 Qf6 22. Qe3 Qg6 23. Kh1 f5 24. Nh4 Qg5 25. Nxf5 Bxf5 26. exf5 Nf6 27. g3 N4xd5 28. Qb3 Kh8 29. Bg2 Ne7 30. g4 c6 31. Rad1 Ned5 32.
Qg3 Nf4 33. Rxd6 h5 34. Rxe5 hxg4 35. h4 Qh6 36. Rxe8+ Rxe8 37. Bxf6 gxf6 38. Kh2 Nxg2 39. Kxg2 Kg7 40. Rd7+ Kh8 41. Qc3 Qxh4 42. Rxb7 Qh3+ 43. Qxh3+ gxh3+ 44. Kxh3 Re5 45. Rc7 Rxf5 46. Rxc6 Rf3+ 47.
Kg2 Rxa3 48. Rxf6 Kg7 49. Rb6 Rb3 50. b5 Kf7 51. Rb8 Ke7 52. b6 Kd7 53. f3 Kc6 54. Kg3 Rxb6 55. Rxb6+ Kxb6 56. Kg4 Kc7 57. Kg5 Kd7 58.
Kg6 Ke6 59. f4 Ke7 60. f5 Kf8 61. Kf6 1-0

[Event "*** Titled Tuesday Blitz"]
[Site "Chess.com"]
[Date "2020.11.10"]
[Round "4"]
[White "gumimis"]
[Black "akanga001"]
[Result "0-1"]
[WhiteElo "2201"]
[BlackElo "1924"]
[TimeControl "180+1"]
[EndTime "10:43:25 PST"]
[Termination "akanga001 won by checkmate"]

1. e4 c6 2. d4 d5 3. Nc3 dxe4 4. Nxe4 Nf6 5. Nxf6+ gxf6 6. c3 Bf5 7. Nf3 Rg8 8. g3 Nd7 9. Bg2 e5 10. O-O Qb6 11.
dxe5 fxe5 12. Qe2 f6 13. Nd4 Bg6 14. Be3 Bc5 15. b4 Bxd4 16. Bxd4 Qc7 17. Bh3 f5 18. Bxe5 Qxe5 19. Qxe5+ Nxe5 20. Rfe1 O-O-O 21. Rxe5 Rgf8 22. Rae1 Rd2 23. R5e2 Rfd8 24. Kg2 Kc7 25. Rxd2 Rxd2 26. Re7+ Kb6 27. a4 Rd3 28. a5+ Ka6 29. g4 fxg4 30.
Bxg4 Rxc3 31. Be2+ b5 32. axb6+ Kxb6 33. Re6 Rc2 34. Bf3 Rc4 35. Kg3 Bb1 36. h4 Kb5 37. h5 Kxb4 38. Rxc6 Rxc6 39. Bxc6 a5 40. Kg4 a4 41.
Bxa4 Kxa4 42. f4 Kb5 43. f5 Kc6 44. Kg5 Kd6 45. Kf6 Be4 46. h6 Bd3 47. Kg7 Bxf5 48. Kh8 Bg6 49. Kg7 Ke5 50. Kh8 Kf5 51. Kg7 Kg5 52. Kh8 Kxh6 53. Kg8 Kg5 54. Kh8 h5 55. Kg8 h4 56. Kh8 h3 57. Kg8 h2 58. Kh8 h1=Q+ 59. Kg8 Qd5+ 60. Kg7 Qd7+ 61. Kh8 Qh7# 0-1

[Event "*** Titled Tuesday Blitz"]
[Site "Chess.com"]
[Date "2020.11.10"]
[Round "4"]
[White "Chernobay_Artem"]
[Black "Loy_Konstantin"]
[Result "1-0"]
[WhiteElo "2628"]
[BlackElo "2392"]
[TimeControl "180+1"]
[EndTime "10:43:26 PST"]
[Termination "Chernobay_Artem won on time"]

1. d4 Nf6 2. c4 c5 3. d5 b5 4.
cxb5 a6 5. bxa6 Bxa6 6. Nc3 g6 7. e4 Bxf1 8. Kxf1 d6 9. g3 Bg7 10. Kg2 Nbd7 11. Nf3 O-O 12. a4 Qb6 13. Qc2 Rfb8 14.
Nb5 Ne8 15. Nd2 Nc7 16. Nc4 Qb7 17. Nxc7 Qxc7 18. Bd2 Ne5 19. Na3 Ng4 20. Nb5 Qb7 21. h3 Nf6 22. Bc3 Ne8 23. Bxg7 Kxg7 24. h4 h5 25.
Qc3+ Nf6 26. Rhe1 Ra6 27. b3 Rc8 28. Rad1 c4 29. b4 Rxa4 30. Nd4 Qxb4 31. Qf3 Ra3 32.
Nc2 Rxf3 33. Nxb4 Rb3 34. Nc6 Kf8 35. Rc1 c3 36. Re3 Nd7 37. Rexc3 Rxc3 38. Rxc3 Ne5 39. f4 Nxc6 40. dxc6 Ke8 41. Kf3 Kd8 42. f5 Kc7 43. Kf4 gxf5 44. exf5 Rg8 45. Re3 Re8 46. Kg5 Kxc6 47.
Kxh5 d5 48. Kh6 d4 49. Re1 e5 50. Kg7 e4 51. Kxf7 Rd8 52. Rxe4 d3 53. Re1 d2 54.
Rd1 Kc5 55. f6 Rd3 56. g4 Kd6 57. g5 Ke5 58. g6 Rd7+ 59. Ke8 Ra7 60. f7 Ke6 61.
Rxd2 Ra8+ 62. Rd8 Rxd8+ 63. Kxd8 1-0

[Event "*** Titled Tuesday Blitz"]
[Site "Chess.com"]
[Date "2020.11.10"]
[Round "4"]
[White "TST2014"]
[Black "MariaFominykh"]
[Result "0-1"]
[WhiteElo "2496"]
[BlackElo "2354"]
[TimeControl "180+1"]
[EndTime "10:43:29 PST"]
[Termination "MariaFominykh won by resignation"]

1. d4 d6 2. Nf3 Nf6 3. c4 g6 4.
Nc3 Bg7 5. e4 O-O 6. Be2 e5 7.
O-O Nc6 8. d5 Ne7 9. b4 a5 10.
bxa5 Nh5 11. g3 f5 12. Ng5 Nf6 13. f3 Rxa5 14. a4 h6 15. Ne6 Bxe6 16. dxe6 Qc8 17. Nd5 Qxe6 18. Nxc7 Qd7 19. Nb5 fxe4 20. fxe4 Nxe4 21.
Rxf8+ Bxf8 22. Qd3 Qf5 23. Be3 Nc5 24. Qd2 Nb3 25. Qc3 Nxa1 26. Qxa5 Qe4 27. Qd2 Nf5 28.
Bf2 Nb3 29. Qd5+ Qxd5 30. cxd5 e4 31. Bb6 Kf7 32. g4 Nh4 33. Kf2 Nc1 34. Bc4 Nf3 35.
Be3 Ne5 36. Bxc1 Nxc4 37. Nc3 Nb6 38. a5 Nc4 39. Nxe4 Nxa5 40. Ke3 Ke7 41. Kd3 b5 42. Kc3 Nc4 43. Kb4 Ne5 44. h3 Nd3+ 45. Kxb5 Nxc1 46. Kc6 Kf7 47. Nxd6+ Bxd6 48. Kxd6 Ke8 49. Ke6 Ne2 50. d6 Nf4+ 51. Kf6 g5 52. Kg7 Nxh3 53. Kxh6 Kd7 54. Kg6 Kxd6 55. Kf6 Kd5 56. Kf5 Kd4 57. Kg6 Ke3 58.
Kh6 Kf3 59. Kh5 Kg3 60. Kg6 Kxg4 61. Kf6 Kf4 62. Ke6 g4 63. Kd5 g3 64. Kd4 g2 65.
Kd3 g1=Q 66. Ke2 Qe3+ 67. Kd1 Qf2 68. Kc1 Ke3 69. Kb1 Kd3 70. Ka1 Kc3 0-1

[Event "*** Titled Tuesday Blitz"]
[Site "Chess.com"]
[Date "2020.11.10"]
[Round "4"]
[White "The_Machine04"]
[Black "Slovak_fighter2000"]
[Result "0-1"]
[WhiteElo "2295"]
[BlackElo "2464"]
[TimeControl "180+1"]
[EndTime "10:43:32 PST"]
[Termination "Slovak_fighter2000 won on time"]

1. d4 Nf6 2. Bg5 e6 3. Nd2 c5 4.
e3 b6 5. Ngf3 Bb7 6. c3 Be7 7. Bd3 O-O 8. Bxf6 Bxf6 9. Qe2 d6 10.
h4 Re8 11. O-O-O cxd4 12. exd4 g6 13. h5 Nd7 14. hxg6 hxg6 15. Qe3 Bg7 16. Rh2 Nf6 17. Qe2 Qe7 18. Rdh1 e5 19. dxe5 dxe5 20. Ne4 Nd5 21. g3 Rac8 22. Bc2 Nf6 23. Nxf6+ Qxf6 24. Be4 Bxe4 25. Qxe4 Qe6 26. Kb1 Rc4 27. Qc2 e4 28.
Nd2 Rc7 29. Nf1 b5 30. Ne3 b4 31. c4 a5 32. Rd1 Ra8 33. Qa4 Qe5 34. Rd2 Qc5 35. Rh4 Qe5 36. Qc2 Re8 37. Rd5 Qf6 38.
Rf4 Qb6 39. Rd2 a4 40. Nd5 Qc5 41. Nxc7 Qxc7 42. Rxe4 Rc8 43. b3 a3 44. Kc1 Bf6 45. f4 Kg7 46. Kd1 Qc5 47. Ke2 Qg1 48. Kf3 Qf1+ 49. Rf2 Qh1+ 50. Ke3 Rd8 51. Qe2 Rd1 52. Rg2 Re1 53. Rf2 Rxe2+ 54. Rxe2 Qc1+ 55. Kf3 Qc3+ 56. Kf2 Bd4+ 57. Kg2 Qd3 58. Kh3 Bf6 59. Kg2 Bb2 60. Kf2 Qb1 61. c5 Qxa2 0-1

[Event "*** Titled Tuesday Blitz"]
[Site "Chess.com"]
[Date "2020.11.10"]
[Round "4"]
[White "MrChampion_Coach"]
[Black "Igor_Lysyj"]
[Result "1/2-1/2"]
[WhiteElo "2515"]
[BlackElo "2829"]
[TimeControl "180+1"]
[EndTime "10:43:35 PST"]
[Termination "Game drawn - insufficient material"]

1. d4 d5 2. c4 e6 3. Nc3 dxc4 4. e3 Nf6 5. Nf3 a6 6. Bxc4 b5 7. Bd3 Bb7 8. O-O Nbd7 9. Re1 c5 10. e4 cxd4 11. Nxd4 Nc5 12. Bc2 Be7 13. b4 Ncd7 14. e5 Nd5 15. Nxd5 Bxd5 16. Be4 Nxe5 17. Bf4 Bxe4 18. Bxe5 Qd5 19. Bxg7 Rg8 20. f3 Bxf3 21.
Nxf3 Qxd1 22. Raxd1 Rxg7 23. Re4 Rd8 24. Rc1 h5 25. Rc6 Rg4 26. Rxg4 hxg4 27. Ne5 Rd1+ 28.
Kf2 Rd2+ 29. Kf1 f5 30. Rxe6 Rd6 31. Rxd6 Bxd6 32. Nd3 Bxh2 33. Nc5 Bd6 34. Nxa6 Kd7 35. Ke2 f4 36. Kd3 Kc6 37. Ke4 f3 38. gxf3 g3 39. Ke3 Kd5 40. Nc5 Be5 41. Nd3 Bd4+ 42. Ke2 g2 43. Nf4+ Kc4 44. Nxg2 Kxb4 45. Kd3 Bf6 46.
Kc2 Kc4 47. Ne3+ Kd4 48. Nd1 Ke5 49. Kb3 Kf4 50. Nc3 Kxf3 51. Nxb5 Ke4 52. a4 Bd8 53. Kc4 Ba5 54. Kc5 Kd3 55. Nd6 Kc3 56. Kb5 Bc7 57.
Nb7 Kb3 58. Nc5+ Ka3 59. Na6 Bd8 60. a5 Bxa5 1/2-1/2

[Event "*** Titled Tuesday Blitz"]
[Site "Chess.com"]
[Date "2020.11.10"]
[Round "4"]
[White "GMKrikor"]
[Black "Triumphmate"]
[Result "0-1"]
[WhiteElo "2781"]
[BlackElo "2383"]
[TimeControl "180+1"]
[EndTime "10:43:35 PST"]
[Termination "Triumphmate won by resignation"]

1. e4 d5 2. exd5 Nf6 3. d4 Bg4 4. Be2 Bxe2 5. Qxe2 Qxd5 6. Nf3 Nc6 7. c4 Qd7 8. d5 Nb4 9. a3 Na6 10. O-O g6 11. Ne5 Qd8 12. Nc3 Bg7 13. Rd1 O-O 14. Be3 Nb8 15. Rac1 Nbd7 16. f4 Re8 17. Qf3 Qc8 18. Bd4 e6 19. h3 exd5 20. Nxd5 Nxd5 21. cxd5 Nxe5 22. fxe5 Bxe5 23. Bxe5 Rxe5 24. d6 c6 25. d7 Qf8 26. Qf6 Re7 27. Rd6 Rd8 28. Rcd1 Re4 29.
Qf3 Qe7 30. Qf2 Re2 31. Qg3 h5 32. b4 Qe4 33. b5 h4 34. Qg5 Kg7 35. bxc6 bxc6 36.
R6d4 Re1+ 37. Rxe1 Qxe1+ 38. Kh2 Qg3+ 39. Qxg3 hxg3+ 40.
Kxg3 Kf6 41. Rd6+ Ke7 42. Rxc6 Rxd7 43. Ra6 Rb7 44. a4 Kf8 45. h4 Kg7 46. Kh3 Rb3+ 47. g3 Rb7 48. Kg4 Kh6 49. Kf4 Rb4+ 50. Ke5 Rb7 51.
Kd6 f5 52. Ke5 Kh5 53. Kf4 Rb4+ 54. Kf3 Rb3+ 55. Kf2 Rb2+ 56. Ke3 Rb3+ 57. Kf4 Rb4+ 58. Ke5 Rb7 59. a5 Re7+ 60. Kd5 Rb7 61. Kc5 Re7 62.
Kd5 Rd7+ 63. Rd6 Rxd6+ 64. Kxd6 Kg4 65. Kc6 Kxg3 66. a6 f4 67. Kb7 f3 68. Kxa7 f2 69. Kb7 f1=Q 70. a7 Qf3+ 71. Kb8 Kxh4 0-1

[Event "*** Titled Tuesday Blitz"]
[Site "Chess.com"]
[Date "2020.11.10"]
[Round "4"]
[White "Anaj14"]
[Black "shnitez"]
[Result "0-1"]
[WhiteElo "2338"]
[BlackElo "2522"]
[TimeControl "180+1"]
[EndTime "10:43:37 PST"]
[Termination "shnitez won on time"]

1. e4 c5 2. Nf3 e6 3. d3 Nc6 4.
Nbd2 Nf6 5. g3 g6 6. Bg2 Bg7 7. O-O O-O 8. c3 b5 9. Re1 d6 10. d4 Bb7 11. Nb3 Na5 12. dxc5 Nxb3 13. Qxb3 Nxe4 14.
Qxb5 Nxc5 15. Be3 Ba6 16. Qb4 Nd3 17. Qa3 Nxe1 18. Rxe1 Bb7 19. Rd1 Bd5 20. c4 Bxc4 21.
Rxd6 Qb8 22. Nd2 Bxb2 23. Qc5 Rc8 24. Rc6 Bd5 25. Bxd5 exd5 26. Qxd5 Rxc6 27. Qxc6 Bg7 28. h4 Qc8 29. Qd5 a5 30. a4 Qa6 31. h5 Rc8 32. h6 Bf8 33. Ne4 Be7 34. Bg5 Qe6 35. Qxe6 fxe6 36.
Bxe7 Rc4 37. Ng5 Rxa4 38. Bf6 Ra2 39. Bg7 a4 40. Nxe6 Re2 41. Nd4 Re1+ 42. Kg2 a3 43. Kf3 a2 44. Nc2 Rc1 45. Na1 Kf7 46. Ke2 Ke6 47. Kd2 Rf1 48. Ke2 Rb1 49. Bd4 Kf5 50. f3 Kg5 51. Bg7 Kh5 52. Ke3 Kg5 53. Kd2 Kf5 54.
Kc2 Rf1 55. Nb3 Ke6 56. g4 Kd5 57. g5 Rxf3 58. Nd2 Rf2 59. Bc3 Rg2 60. Bf6 Ke6 61.
Bc3 Kf5 62. Kb3 Rxg5 63. Kxa2 Rh5 64. Bg7 Rh2 65. Kb3 Rxd2 66. Kc3 Rd7 67. Kc4 g5 68. Kc5 g4 69. Kc6 Rd1 0-1

[Event "*** Titled Tuesday Blitz"]
[Site "Chess.com"]
[Date "2020.11.10"]
[Round "4"]
[White "Chernov_Mikhail"]
[Black "pastouche06"]
[Result "1-0"]
[WhiteElo "2347"]
[BlackElo "2518"]
[TimeControl "180+1"]
[EndTime "10:43:38 PST"]
[Termination "Chernov_Mikhail won on time"]

1. e4 c6 2. d4 d5 3. e5 c5 4. dxc5 e6 5. Bd3 Bxc5 6. a3 Ne7 7. Nf3 Ng6 8. O-O O-O 9. Re1 Nc6 10. b4 Bb6 11. Bb2 f6 12. exf6 gxf6 13. Nbd2 e5 14. b5 Nce7 15. Bf1 Be6 16. c4 Rc8 17. cxd5 Nxd5 18.
Nc4 Bc5 19. Rc1 Qe7 20. Nfd2 Ndf4 21. Ne4 Rfd8 22. Qf3 Bd5 23. g3 f5 24. gxf4 Bxe4 25. Rxe4 fxe4 26. Qxe4 Bd4 27. Re1 Nxf4 28. Qxf4 Qg7+ 29.
Qg3 Bxb2 30. Qxg7+ Kxg7 31. Nxb2 Rc2 32. Nc4 Rf8 33.
Re2 Rxc4 34. Rxe5 Rcf4 35. Re7+ R8f7 36. Re2 Rg4+ 37. Bg2 b6 38. Kf1 Rgf4 39. Bd5 Rd7 40.
Bc6 Rc7 41. Kg2 Kf6 42. Re3 Rg7+ 43. Kf1 Re7 44. Rh3 Ra4 45. Rh6+ Kg7 46. Rh3 h6 47. Rg3+ Kf6 48. f3 Re5 49. Rg8 Rc5 50.
Kf2 Rxa3 51. Rh8 Rf5 52. Rxh6+ Kg7 53. Rh4 Ra2+ 54. Kg3 Rg5+ 55. Rg4 Rg6 56. h4 Rxg4+ 57. fxg4 Rc2 58. g5 a5 59. h5 a4 60. h6+ Kg6 61.
Be4+ Kxg5 62. Bxc2 Kxh6 63. Bxa4 Kg5 64. Bb3 Kf5 65.
Bd5 Ke5 66. Bc6 Kd6 67. Kf3 1-0

[Event "*** Titled Tuesday Blitz"]
[Site "Chess.com"]
[Date "2020.11.10"]
[Round "4"]
[White "JonahWillow"]
[Black "Das_Virus_2020"]
[Result "0-1"]
[WhiteElo "2613"]
[BlackElo "2426"]
[TimeControl "180+1"]
[EndTime "10:43:39 PST"]
[Termination "Das_Virus_2020 won by checkmate"]

1. e4 e6 2. d4 d5 3. Nd2 Nf6 4. e5 Nfd7 5. c3 c5 6. f4 Nc6 7. Ndf3 Qb6 8. g3 a5 9. Ne2 a4 10. Bg2 Qa5 11. O-O Nb6 12. Bd2 Qa7 13. b3 axb3 14. axb3 Qxa1 15. Qxa1 Rxa1 16. Rxa1 Be7 17.
Be3 c4 18. b4 O-O 19. g4 Bd7 20. Ng3 Ra8 21. Rxa8+ Nxa8 22. f5 Nc7 23. Bd2 Nb5 24. Bh3 Nca7 25. Ne2 Na3 26. Nf4 Nb1 27. Be1 Nb5 28.
g5 N1xc3 29. fxe6 fxe6 30. Bxe6+ Bxe6 31. Nxe6 Ne4 32. Nf4 c3 33. Nd3 c2 34. Nc1 h6 35. h4 hxg5 36. hxg5 Kf7 37. Kf1 Kg6 38. Ke2 Bxg5 39. Nxg5 Kxg5 40. Kd3 Kf4 41. Kxc2 Nxd4+ 42. Kd3 Kxe5 43. Ke3 Nf5+ 44. Kf3 g5 45. Nd3+ Kd4 46.
Nc1 Kc4 47. Ne2 Nd4+ 48. Nxd4 Kxd4 49. Kg4 Kc4 50. Kf3 Nc3 51. Kg4 Kxb4 52. Kxg5 Kc4 53.
Kf4 b5 54. Ke3 b4 55. Kd2 d4 56. Kc1 b3 57. Kb2 Na4+ 58. Kc1 Kd3 59. Bb4 Ke2 60. Kb1 Kd1 61. Ba5 d3 62. Bb4 d2 63. Ba5 Ke2 64.
Bxd2 Kxd2 65. Ka1 Kc3 66. Kb1 Nc5 67. Kc1 Nd3+ 68. Kb1 Nb4 69. Ka1 Nc2+ 70. Kb1 Na3+ 71. Ka1 b2+ 72. Ka2 b1=Q+ 73. Kxa3 Qb3# 0-1

[Event "*** Titled Tuesday Blitz"]
[Site "Chess.com"]
[Date "2020.11.10"]
[Round "4"]
[White "Neftegor"]
[Black "pavelalexandru07"]
[Result "1-0"]
[WhiteElo "2462"]
[BlackElo "2294"]
[TimeControl "180+1"]
[EndTime "10:43:40 PST"]
[Termination "Neftegor won by checkmate"]

1. d4 Nf6 2. c4 c5 3. d5 e6 4. Nc3 exd5 5. cxd5 d6 6. Nf3 g6 7. g3 Bg7 8. Bg2 O-O 9. O-O Re8 10. Bf4 Bf5 11.
Qb3 b6 12. Nh4 Be4 13. f3 Nh5 14. Bd2 Bf5 15. Nxf5 gxf5 16. Qc2 f4 17. g4 Bd4+ 18. Kh1 Ng7 19. Bxf4 h5 20. g5 h4 21. h3 Nh5 22.
Qf5 Be3 23. Bh2 Qxg5 24. Qxg5+ Bxg5 25. Ne4 Bf4 26. Bxf4 Nxf4 27. e3 Nxg2 28. Kxg2 Rd8 29. Kf2 Na6 30. Rg1+ Kf8 31. Rg4 Nb4 32. Rd1 Nxa2 33.
Nf6 Ke7 34. Rf4 Nb4 35. e4 a5 36. Ng4 a4 37. Ne3 a3 38. bxa3 Rxa3 39. Nf5+ Kd7 40. Rd2 Nd3+ 41. Rxd3 Rxd3 42. Nxh4 Rf8 43. Nf5 c4 44.
Ke2 Rb3 45. h4 b5 46. Nd4 Rb2+ 47. Ke3 b4 48. Rf6 c3 49. Nf5 Kc7 50. Rxd6 b3 51. Rc6+ Kb7 52. Rxc3 Rh2 53. Kd4 b2 54. Rb3+ Kc7 55.
d6+ Kd7 56. Kd5 Rc8 57. Rb7+ Kd8 58. e5 Rc1 59. e6 fxe6+ 60. Kxe6 b1=Q 61. Rd7+ Ke8 62. Ng7+ Kf8 63. Nf5 Kg8 64. Rd8+ Kh7 65. Rd7+ Kg6 66.
Rg7+ Kh5 67. Rg5# 1-0